 Dungeon Crawl Stone Soup version 0.28.0-43-g3370ac3207 (webtiles) character file.

Game seed: 2654760147989928727

27 sizableburger the Grave Robber (level 2, 0/19 HPs)
             Began as a Mummy Necromancer on Mar 5, 2022.
             Slain by a gnoll
             ... wielding a +0 spear
              (3 damage)
             ... on level 2 of the Dungeon.
             The game lasted 00:01:36 (1757 turns).

sizableburger the Grave Robber (Mummy Necromancer)  Turns: 1757, Time: 00:01:36

Health: 0/19       AC:  2    Str: 11    XL:     2   Next: 93%
Magic:  3/6        EV: 12    Int: 14    God:
Gold:   8          SH:  0    Dex: 12    Spells: 7/8 levels left

rFire   x . .      SeeInvis .   c - +0 whip
rCold   + . .      Faith    .   (no shield)
rNeg    + + +      Spirit   .   a - +0 robe
rPois   ∞          Reflect  .   (no helmet)
rElec   .          Harm     .   (no cloak)
rCorr   .          Rampage  .   (no gloves)
Will    .....                   (no boots)
Stlth   ++........              (no amulet)
HPRegen 0.06/turn               (no ring)
MPRegen 0.10/turn               (no ring)

@: no status effects
A: cold resistance 1, negative energy resistance 3, torment resistance 2, heat
vulnerability 1, no potions
a: no special abilities


You were on level 2 of the Dungeon.
You visited 1 branch of the dungeon, and saw 2 of its levels.

You collected 8 gold pieces.

Inventory:

Hand Weapons
 b - a +0 dagger
 c - a +0 whip (weapon)
Armour
 a - a +0 robe (worn)
Scrolls
 d - a scroll of brand weapon {unknown}


   Skills:
 + Level 0.2 Maces & Flails
 - Level 1.6 Dodging
 - Level 1.6 Stealth
 + Level 3.5 Spellcasting
 + Level 4.4 Necromancy


You had 7 spell levels left.
You knew the following spells:

 Your Spells              Type           Power      Damage    Failure   Level
a - Pain                  Necr           56%        1d6       3%          1

Your spell library contained the following spells:

 Spells                   Type           Power      Damage    Failure   Level
 Animate Skeleton         Necr           28%        N/A       3%          1
 Vampiric Draining        Necr           14%        2d7       10%         3
 Animate Dead             Necr           7%         N/A       32%         4
 Agony                    Necr           14%        N/A       67%         5


Dungeon Overview and Level Annotations

Branches:
Dungeon (2/15)

Altars:


Innate Abilities, Weirdness & Mutations

You are immune to poison.
Your flesh is cold resistant. (rC+)
You are immune to negative energy. (rN+++)
You are immune to unholy pain and torment.
You are vulnerable to heat. (rF-)
You do not drink.


Message History

Found a stone staircase leading down.
d - a scroll labelled XOH UDWERU
There is a stone staircase leading down here.
Found 22 sling bullets.
You see here 22 sling bullets.
Found a smoky black potion.
You see here a smoky black potion.
You open the door.
There is an open door here.
You open the door.
Found 21 stones.
An endoplasm comes into view.
There is an open door here.
An endoplasm is nearby!
You can't see any susceptible monsters within range! (Use Z to cast anyway.)
The endoplasm quivers.
You see here 21 stones.
The endoplasm writhes in agony.
The endoplasm writhes in agony.
You kill the endoplasm!
Found a stone staircase leading down.
There is a stone staircase leading down here.
A gnoll comes into view. It is wielding a +0 spear.
The gnoll shouts!
You hear a shout!
A gnoll comes into view. It is wielding a +0 flail of draining.
A gnoll comes into view. It is wielding a +0 club.
The gnoll writhes in agony.
The gnoll hits you from afar with a +0 spear!
The gnoll writhes in agony.
The gnoll hits you from afar with a +0 spear!
* * * LOW HITPOINT WARNING * * *
You are too injured to fight recklessly!
Casting: Pain (safe; 3% risk of failure)
Confirm with . or Enter, or press ? or * to list all spells.
Aiming: Pain (safe; 3% risk of failure)
Press: ? - help, Shift-Dir - straight line, f/p - gnoll
Aim: a gnoll, wielding a +0 spear (heavily wounded, chance to affect: 78%)
The gnoll writhes in agony.
The gnoll hits you from afar with a +0 spear.
You die...

#.# #.# #.#
#.# #.# #.#
#.# #.#
####.####.#
#.........#
#.##.######
#.##.# #@##.#
#.##.# #g##.#
####.###.##.#
.......g.##.#
g.....#####.#
.g... ###. #


You could see 2 gnolls.

Vanquished Creatures
  2 dart slugs (D:1)
  4 endoplasms
  A goblin (D:1)
  2 hobgoblins (D:1)
  2 quokkas
  3 bats (D:1)
  A frilled lizard (D:1)
  5 kobolds (D:1)
  A rat (D:1)
21 creatures vanquished.

Notes
Turn   | Place    | Note
-------+----------+-------------------------------------------
     0 | D:1      | sizableburger the Mummy Necromancer began the quest for the
                  | Orb.
     0 | D:1      | Reached XP level 1. HP: 13/13 MP: 4/4
   188 | D:1      | Found a faded altar of an unknown god.
   410 | D:1      | Reached XP level 2. HP: 19/19 MP: 1/6
  1757 | D:2      | Slain by a gnoll

Illustrated notes

Levels and vault maps discovered:
D:1:      dpeg_arrival_long_road, layout_loops_corners,
          hellmonk_ecumenical_altar_crossroads
D:2:      layout_basic, basic_altar

Skill      XL: |  1 |
---------------+----+-----
Spellcasting   | 3 |  3.5
Maces & Flails | |  0.2
Dodging        | |  1.6
Stealth        | |  1.6
Necromancy     | |  4.4

Action                   || total
-------------------------++-------
Melee: Unarmed           ||     5
       Dagger            ||     1
 Cast: Pain              ||    50
Armor: Robe              ||     3
Dodge: Dodged            ||     7
